 Seeded DCSS version 0.28-a0-1199-gef9e1dbd39 (webtiles) character file.

Game seed: 4018878354053487559 (custom seed)

237 croobank the Insei (level 6, -9/41 HPs)
             Began as an Octopode Transmuter on Dec 19, 2021.
             Was an Initiate of Qazlal.
             Mangled by an orc warrior (11 damage)
             ... on level 4 of the Dungeon.
             The game lasted 00:16:39 (3854 turns).

croobank the Insei (Octopode Transmuter)            Turns: 3854, Time: 00:16:41

Health: -9/41      AC:  5    Str: 12    XL:     6   Next: 6%
Magic:  5/10       EV: 13    Int: 15    God:    Qazlal [......]
Gold:   109        SH:  0    Dex: 12    Spells: 5/11 levels left

rFire   . . .      SeeInvis .     - Unarmed
rCold   . . .      Faith    .   (no shield)
rNeg    . . .      Spirit   .   (helmet currently unavailable)
rPois   .          Reflect  .   (no amulet)
rElec   .          Harm     .   k - +4 ring of protection
rCorr   .          Rampage  .   (no ring)
Will    .....                   (no ring)
Stlth   ++........              (no ring)
HPRegen 0.13/turn               (no ring)
MPRegen 0.12/turn               (no ring)
                                (no ring)
                                (no ring)

@: appendages, very slightly contaminated
A: tentacle spike 3, almost no armour, amphibious, 8 rings, camouflage 1,
gelatinous body 1, (nimble swimmer 1), tentacles
a: End Transformation, Renounce Religion


You were on level 4 of the Dungeon.
You worshipped Qazlal.
Qazlal was noncommittal.
One of your tentacles had grown a beastly spike.
You visited 2 branches of the dungeon, and saw 5 of its levels.

You collected 109 gold pieces.

Inventory:

Hand Weapons
 l - the +5 hunting sling "Gegyrirghiq" {speed, rPois rN+ Str+2}
   (You found it on level 4 of the Dungeon)

   Attacks with this weapon are significantly faster.
   Str:       It affects your strength (+2).
   rPois:     It protects you from poison.
   rN:        It protects you from negative energy.
Missiles
 b - 6 boomerangs
 d - 99 stones
 h - 54 sling bullets
Magical Staves
 e - a staff of poison
Jewellery
 k - a +4 ring of protection (left tentacle)
Scrolls
 a - 4 scrolls of identify {identify, unknown}
 f - 2 scrolls of teleportation {teleport}
Potions
 c - 2 potions of curing {curing}
 g - a potion of mutation {mutation, unknown}
 j - 2 potions of brilliance {brilliance, unknown}


   Skills:
 + Level 2.5 Fighting
 * Level 0.0 Slings
 + Level 3.2 Dodging
 + Level 3.9 Unarmed Combat
 + Level 3.0 Spellcasting
 + Level 3.2 Transmutations


You had 5 spell levels left.
You knew the following spells:

 Your Spells              Type           Power      Damage    Failure   Level
a - Beastly Appendage     Tmut           22%        N/A       5%          1
b - Wereblood             Tmut           11%        N/A       9%          2
c - Slow                  Hex            8%         N/A       21%         1
d - Blink                 Tloc           4%         N/A       30%         2

Your spell library contained the following spells:

 Spells                   Type           Power      Damage    Failure   Level
 Sting                    Tmut/Pois      28%        1d4       11%         1
 Poisonous Vapours        Pois/Air       4%         N/A       30%         2
 Spider Form              Tmut/Pois      7%         N/A       30%         3
 Confusing Touch          Hex            2%         N/A       52%         3
 Stone Arrow              Conj/Erth      4%         3d7       52%         3
 Vampiric Draining        Necr           2%         2d6       52%         3
 Ice Form                 Ice/Tmut       7%         N/A       71%         4
 Olgreb's Toxic Radiance  Pois           2%         N/A       89%         4
 Manifold Assault         Tloc           2%         N/A       99%         5
 Storm Form               Tmut/Air       3%         N/A       100%        7
 Lehudib's Crystal Spear  Conj/Erth      1%         10d2      100%        8
 Animate Armour           Summ/Erth      Unusable   N/A       N/A         4

Dungeon Overview and Level Annotations

Branches:
Dungeon (4/15)             Temple (1/1) D:4

Altars:
Dithmenos
Gozag
Hepliaklqana
Nemelex Xobeh
Qazlal
Uskayaw
Wu Jian
Xom
Zin

Shops:
D:2 (


Innate Abilities, Weirdness & Mutations

One of your tentacles has grown a beastly spike.
You cannot wear most types of armour.
You are amphibious.
You can wear up to eight rings at the same time.
Your skin changes colour to match your surroundings (Stealth+).
Your rubbery body absorbs attacks. (AC +1, EV +1)
((You are camouflaged near water. (Stealth+)))
You have tentacles for arms and can constrict up to eight enemies at once.


Message History

The orc shouts!
The orc resists with significant effort.
Casting: Slow (safe; 21% risk of failure)
Confirm with . or Enter, or press ? or * to list all spells.
Aiming: Slow (safe; 21% risk of failure)
Press: ? - help, Shift-Dir - straight line, f - orc warrior, p - orc
Aim: an orc warrior, wielding a +0 dire flail and wearing a +0 chain mail (wandering, hasn't noticed you, chance to affect: 35%)
The orc warrior easily resists.
The orc shouts! x2
Casting: Slow (safe; 21% risk of failure)
Confirm with . or Enter, or press ? or * to list all spells.
Aiming: Slow (safe; 21% risk of failure)
Press: ? - help, Shift-Dir - straight line, f/p - orc warrior
Aim: an orc warrior, wielding a +0 dire flail and wearing a +0 chain mail (chance to affect: 35%)
You miscast Slow.
You are very lightly contaminated with residual magic.
Nothing appears to happen.
Your magical contamination has completely faded away.
Casting: Slow (safe; 21% risk of failure)
Confirm with . or Enter, or press ? or * to list all spells.
One of your tentacles grows a vicious spike.
The orc warrior barely misses you.
You closely miss the orc warrior. Your grab misses the orc warrior.
Your squeeze misses the orc warrior.
The orc warrior hits you with a +0 dire flail!!
Ouch! That really hurt!
You tentacle-slap the orc warrior. You grab the orc warrior.
The orc warrior is lightly wounded.
You constrict the orc warrior, but do no damage.
The orc warrior hits you with a +0 dire flail!
* * * LOW HITPOINT WARNING * * *
Okay, then.
Casting: Beastly Appendage (safe; 5% risk of failure)
Confirm with . or Enter, or press ? or * to list all spells.
You miscast Blink.
You are very lightly contaminated with residual magic.
Nothing appears to happen.
You constrict the orc warrior, but do no damage.
The orc warrior hits you with a +0 dire flail!
You die...

#### ##...#
......################
#....................#
.....oo(o.........##.#
#.#...###.######...#.#
#.. ##.#oooo@.....#
#...##....####.....#
.o$.....#..# ##.#..#
### .. ...##...##
#.#..# #.. . #.# ##.##
#....# #.# # #.#
###..# #.# #.# #..#
#.# #.# #..# #.# #.#
#..# #.#


You could see an orc warrior and 3 orcs.

Vanquished Creatures
  An ice beast (D:4)
  Terence (D:2)
  Natasha (D:3)
  Robin (D:2)
  2 adders (D:3)
  An ufetubus (D:4)
  A worm (D:3)
  An orc (D:4)
  5 endoplasms
  3 giant cockroaches
  10 goblins
  3 hobgoblins
  6 kobolds
  6 quokkas
  2 ball pythons
  6 bats
  3 rats (D:1)
53 creatures vanquished.

Notes
Turn   | Place    | Note
-------+----------+-------------------------------------------
     0 | D:1      | croobank the Octopode Transmuter began the quest for the
                  | Orb.
     0 | D:1      | Reached XP level 1. HP: 13/13 MP: 3/3
   402 | D:1      | Reached XP level 2. HP: 16/18 MP: 3/5
   540 | D:1      | Learned a level 2 spell: Wereblood
   883 | D:2      | Found a faded altar of an unknown god.
   921 | D:2      | Found Ungyky's Weapon Shop.
   952 | D:2      | Learned a level 1 spell: Slow
  1000 | D:2      | Reached XP level 3. HP: 22/23 MP: 4/6
  1391 | D:2      | Noticed Robin
  1396 | D:2      | Killed Robin
  1435 | D:2      | Noticed Terence
  1443 | D:2      | Killed Terence
  1444 | D:2      | Reached XP level 4. HP: 11/29 MP: 3/7
  2549 | D:3      | Noticed Natasha
  2561 | D:3      | Killed Natasha
  2562 | D:3      | Reached XP level 5. HP: 34/34 MP: 5/9
  2679 | D:4      | Identified the +5 hunting sling "Gegyrirghiq" {speed, rPois
                  | rN+ Str+2}
  2717 | D:4      | Found a staircase to the Ecumenical Temple.
  2718 | D:4      | Noticed an ice beast
  2731 | D:4      | Killed an ice beast
  2732 | D:4      | Reached XP level 6. HP: 17/41 MP: 7/10
  2912 | Temple   | Entered the Ecumenical Temple
  2952 | Temple   | Became a worshipper of Qazlal Stormbringer
  3073 | D:4      | Noticed an orc warrior
  3372 | D:4      | Noticed an orc warrior
  3812 | D:4      | Learned a level 2 spell: Blink
  3853 | D:4      | HP: 2/41 [orc warrior (16)]
  3854 | D:4      | Mangled by an orc warrior

Illustrated notes

Levels and vault maps discovered:
D:1:      psy_arrival_conway, layout_rooms
D:2:      layout_loops_cross, dreamdust_ecumenical_altar_statues, serial_shops,
          shop, corexii_corridor_pit, uniq_robin, uniq_terence
D:3:      layout_loops_ring, roderic_serpentine_path, uniq_natasha
D:4:      layout_loops_ring, minmay_temple_entry_hall, kennysheep_generic_room_5
Temple:   regret_index_temple_mists

Skill      XL: |  1  2  3  4  5 |
---------------+----------------+-----
Fighting       | 2 |  2.5
Dodging        | 3 |  3.2
Spellcasting   | 3 |  3.0
Transmutations | 3 |  3.2
Unarmed Combat | |  3.9

Action                   |  1- 3 |  4- 6 || total
-------------------------+-------+-------++-------
Melee: Unarmed           |    73 |    64 ||   137
       Kick              |    14 |    19 ||    33
       Constrict         |    14 |    12 ||    26
       Tentacles         |     6 |    11 ||    17
       Punch             |     2 |       ||     2
 Cast: Beastly Appendage |    15 |    16 ||    31
       Wereblood         |     2 |     3 ||     5
       Slow              |       |     2 ||     2
  Use: Potion            |       |     1 ||     1
       Scroll            |       |     3 ||     3
 Stab: Sleeping          |     4 |     2 ||     6
Armor: Skin              |     7 |    16 ||    23
Dodge: Dodged            |    50 |    54 ||   104

Table legend: (Time is in decaauts)
 A = Elapsed time spent in this place.
 B = Non-inter-level travel time spent in this place.
 C = Inter-level travel time spent in this place.
 D = Time resting spent in this place.
 E = Time spent auto-exploring this place.
 F = Levels seen in this place.
 G = Mean time per level.
                   A        B        C        D        E       F      G
               +--------+--------+--------+--------+--------+-----+--------+
         Total |   3854 |   3772 |     82 |   1143 |   1953 |   5 |  770.8 |
       Dungeon |   3797 |   3731 |     66 |   1143 |   1930 |   4 |  949.2 |
        Temple |     56 |     40 |     16 |      0 |     23 |   1 |   56.0 |
               +--------+--------+--------+--------+--------+-----+--------+

Top non-repeatable levels by time:
     D:4: 1138 daAuts
     D:2: 1029 daAuts
     D:1: 855 daAuts
     D:3: 774 daAuts
  Temple: 56 daAuts
